 Dungeon Crawl Stone Soup version 0.15.0 (webtiles) character file.

1911 Kejsarherre the Insei (level 8, -3/63 HPs)
             Began as a Demonspawn Wanderer on Aug 28, 2014.
             Was an Initiate of Qazlal.
             Killed by divine providence
             ... invoked by an orc priest
              (13 damage)
             ... on Level 8 of the Dungeon.
             The game lasted 00:19:39 (6627 turns).

Kejsarherre the Insei (Demonspawn Wanderer)         Turns: 6627, Time: 00:19:40

HP  -3/63        AC  8     Str 12      XL: 8   Next: 95%
MP   9/9         EV 10     Int 14      God: Qazlal [......]
Gold 297         SH  0     Dex 15      Spells:  0 memorised,  7 levels left

rFire  . . .     SeeInvis .       - Unarmed
rCold  . . .     Clarity  .     t - +0 ring mail (curse)
rNeg   . . .     rCorr    .     (no shield)
rPois  .         rRot     .     b - +1 helmet
rElec  .         Spirit   .     (no cloak)
SustAb .         Warding  .     (no gloves)
rMut   .         Stasis   .     (no boots)
Gourm  .                        (no amulet)
MR     .....                    (no ring)
                                (no ring)

@: not resistant to hostile enchantments, very unstealthy
A: claws 2, hooves 1, powered by death 1
a: Renounce Religion


You were on level 8 of the Dungeon.
You worshipped Qazlal.
Qazlal was noncommittal.
You were hungry.

You visited 2 branches of the dungeon, and saw 9 of its levels.

You collected 297 gold pieces.

Inventory:

Armour
 b - a +1 helmet (worn)
 t - a cursed +0 ring mail (worn)
Magical devices
 m - a wand of polymorph (6)
 u - a wand of disintegration (6)
 w - a wand of disintegration (13)
Comestibles
 f - 8 bread rations
 i - 4 fruits
 l - 5 meat rations
 p - a chunk of spriggan flesh
 r - 2 beef jerkies
Scrolls
 a - a scroll of blinking
 d - a scroll of teleportation
 n - 4 scrolls of remove curse
 q - a scroll of immolation
 v - a scroll of enchant armour {unknown}
Jewellery
 s - an uncursed ring of protection from fire {unknown}
Potions
 e - 2 potions of magic
 g - 3 potions of restore abilities
 h - 3 potions of confusion {unknown}
 j - 2 potions of brilliance
 k - a potion of flight {unknown}
 o - a potion of degeneration


   Skills:
 + Level 5.5 Fighting
   Level 1.0 Polearms
 - Level 1.0 Throwing
 + Level 4.2 Armour
 + Level 5.5 Dodging
 - Level 1.0 Stealth
 + Level 7.1 Unarmed Combat
 - Level 1.0 Evocations


You had 7 spell levels left.
You didn't know any spells.

Dungeon Overview and Level Annotations

Branches:
Dungeon (8/15)             Temple (1/1) D:7
   Lair: D:8-11

Altars:
Ashenzari
Cheibriados
Kikubaaqudgha
Nemelex Xobeh
Okawaru
Qazlal
Sif Muna
Trog
Vehumet
Yredelemnul
The Shining One


Innate Abilities, Weirdness & Mutations

You have very sharp fingernails.
You have large cloven feet.
You can steal the life force of nearby defeated enemies.


Message History

The orc priest's eyes start to glow.
The jelly hits you but does no damage.
An orc wizard comes into view. It is wielding a dagger.
You claw the jelly!
Your claws burn!
You kick the jelly.
The jelly is almost dead.
The orc priest calls down the wrath of Beogh upon you.
Something smites you! The orc wizard casts a spell at you.
The magic dart hits you!
* * * LOW HITPOINT WARNING * * *
The jelly barely misses you.
Drink which item? (? for menu, Esc to quit)
Okay, then.
You claw the jelly!
Your claws burn!
* * * LOW HITPOINT WARNING * * *
You kill the jelly!
Qazlal accepts your kill.
The orc priest mumbles some strange prayers to Beogh against you.
Something smites you!
You die...

.o#
#..o#
#...#
#.o.#
+..o.
#...###
#.....#
#.....#
#@..#
#####


You could see an orc priest and 3 orc wizards.

Vanquished Creatures
  A spriggan (D:7)
  Menkaure (D:7)
  A sky beast (D:5)
  2 ice beasts (D:6)
  An orc warrior (D:6)
  An ogre (D:6)
  A crocodile (D:7)
  4 giant frogs
  3 wights (D:6)
  A jelly (D:8)
  A scorpion (D:6)
  3 crimson imps
  An orc priest (D:6)
  A giant frog skeleton (D:4)
  2 iguanas
  4 worker ants
  4 orc wizards
  An ogre skeleton (D:5)
  11 adders
  A shadow imp (D:5)
  5 worms
  An orc zombie (D:5)
  An adder zombie (D:6)
  3 giant geckos
  2 oozes
  12 orcs
  A ball python (D:1)
  11 bats
  2 bat zombies (D:5)
  5 giant cockroaches
  7 hobgoblins
  A quokka (D:3)
  4 giant newts
  10 goblins
  9 jackals
  A jackal skeleton (D:5)
  12 kobolds
  9 rats
  2 rat zombies (D:5)
143 creatures vanquished.

Notes
Turn   | Place    | Note
--------------------------------------------------------------
     0 | D:1      | Kejsarherre, the Demonspawn Wanderer, began the quest for the Orb.
     0 | D:1      | Reached XP level 1. HP: 16/16 MP: 1/1
   206 | D:1      | Gained mutation: You have sharp fingernails. [demonic ancestry]
   206 | D:1      | Reached XP level 2. HP: 13/23 MP: 2/2
  1051 | D:2      | Reached skill level 1 in Unarmed Combat
  1051 | D:2      | Gained mutation: You can steal the life force of nearby defeated enemies. [demonic ancestry]
  1051 | D:2      | Reached XP level 3. HP: 10/29 MP: 3/3
  1546 | D:2      | Found a shattered altar of Ashenzari.
  2110 | D:2      | Reached XP level 4. HP: 35/35 MP: 4/4
  2301 | D:3      | Found a radiant altar of Vehumet.
  3199 | D:4      | Gained mutation: You have very sharp fingernails. [demonic ancestry]
  3199 | D:4      | Reached XP level 5. HP: 33/41 MP: 5/5
  3359 | D:4      | Noticed a phantom
  3449 | D:3      | Reached skill level 4 in Unarmed Combat
  3492 | D:4      | Noticed an ogre
  3496 | D:5      | Entered Level 5 of the Dungeon
  3614 | D:5      | Gained mutation: You have large cloven feet. [demonic ancestry]
  3614 | D:5      | Reached XP level 6. HP: 34/47 MP: 7/7
  3654 | D:5      | Noticed a sky beast
  3671 | D:5      | Killed a sky beast
  3671 | D:5      | Reached skill level 5 in Unarmed Combat
  3849 | D:5      | Found an ancient bone altar of Kikubaaqudgha.
  4065 | D:5      | Found an iron altar of Okawaru.
  4526 | D:6      | Reached XP level 7. HP: 53/53 MP: 8/8
  4585 | D:6      | Reached skill level 1 in Armour
  4642 | D:6      | Reached skill level 6 in Unarmed Combat
  5133 | D:6      | Reached XP level 8. HP: 21/61 MP: 9/9
  5549 | D:6      | Found a sparkling altar of Nemelex Xobeh.
  5632 | D:7      | Noticed Menkaure
  5645 | D:6      | HP: 3/61 [worker ant (6)]
  5989 | D:7      | Killed Menkaure
  5989 | D:7      | Reached skill level 5 in Fighting
  5989 | D:7      | Reached skill level 5 in Dodging
  6181 | D:7      | Found a staircase to the Ecumenical Temple.
  6201 | D:7      | Reached skill level 7 in Unarmed Combat
  6216 | Temple   | Entered the Ecumenical Temple
  6240 | Temple   | Became a worshipper of Qazlal Stormbringer
  6627 | D:8      | Killed from afar by an orc priest

Action                   |  1- 3 |  4- 6 |  7- 9 || total
-------------------------+-------+-------+-------++-------
Melee: Dagger            |    72 |       |       ||    72
       Unarmed           |   150 |   245 |   218 ||   613
Evoke: Wand              |       |     1 |     1 ||     2
  Use: Potion            |     1 |       |     8 ||     9
       Scroll            |     2 |    13 |     2 ||    17
  Eat: Chunk             |     4 |     7 |     8 ||    19
